 Dungeon Crawl Stone Soup version 0.18.1-48-g4cf74bf (webtiles) character file.

422 Drak the Twirler (level 6, -2/35 HPs)
             Began as a Gargoyle Gladiator on Sept 8, 2016.
             Was an Elder of Jiyva.
             Killed from afar by an orc wizard (5 damage)
             ... with a puff of flame
             ... on level 5 of the Dungeon.
             The game lasted 00:09:00 (3800 turns).

Drak the Twirler (Gargoyle Gladiator)               Turns: 3800, Time: 00:09:00

Health: -2/35      AC: 18    Str: 17    XL:     6   Next: 95%
Magic:  6/6        EV: 16    Int: 10    God:    Jiyva [****..]
Gold:   128        SH:  0    Dex: 17    Spells: 0 memorised, 5 levels left

rFire  + . .     SeeInvis .     a - +0 quarterstaff
rCold  . . .     Gourm    .     j - +1 scale mail {rF+}
rNeg   + . .     Faith    .     (shield currently unavailable)
rPois  ∞         Spirit   .     c - +0 helmet
rElec  +         Dismiss  .     (no cloak)
rCorr  +         Reflect  .     m - +2 pair of gloves
SustAt .         Harm     .     k - +0 pair of boots
MR     .....                    (no amulet)
Stlth  +.........               (no ring)
                                (no ring)

@: agile, not resistant to hostile enchantments, very unstealthy
A: fangs 1, negative energy resistance 1, electricity resistance, unbreathing,
petrification resistance, rot immunity, AC +4
a: Request Jelly, Jelly Paralyse, Slimify, Renounce Religion


You were on level 5 of the Dungeon.
You worshipped Jiyva.
Jiyva was greatly pleased with you.
You were not hungry.

You visited 1 branch of the dungeon, and saw 5 of its levels.

You collected 128 gold pieces.

Inventory:

Hand Weapons
 a - a +0 quarterstaff (weapon)
Missiles
 d - 3 throwing nets (quivered)
 p - 5 curare-tipped needles
Armour
 b - a +0 leather armour
 c - a +0 helmet (worn)
 j - a +1 scale mail of fire resistance (worn)
 k - a +0 pair of boots (worn)
 m - a +2 pair of gloves (worn)
Wands
 o - a wand of paralysis (7/24)
Scrolls
 e - 6 scrolls of identify {unknown}
 h - 3 scrolls of blinking {unknown}
 i - 5 scrolls of remove curse {unknown}
 l - a scroll of enchant weapon {unknown}
 n - a scroll of fog {unknown}
 s - 2 scrolls of teleportation {unknown}
 x - a scroll of magic mapping {unknown}
Comestibles
 f - 3 bread rations
 r - 4 fruits
 t - a beef jerky
 w - a slice of pizza


   Skills:
 - Level 2.1 Fighting
 + Level 5.8 Staves
 - Level 1.7 Throwing
 - Level 5.0 Armour
 - Level 2.4 Dodging


You had 5 spell levels left.
You didn't know any spells.

Dungeon Overview and Level Annotations

Branches:
Dungeon (5/15)
 Temple: D:4-7

Altars:
Fedhas
Gozag
Kikubaaqudgha
Okawaru
Trog
Xom
Yredelemnul
Zin
The Shining One
Jiyva

Shops:
D:4 !


Innate Abilities, Weirdness & Mutations

You are resistant to torment.
Your stone body is resilient (AC +4).
You are immune to poison.
You resist negative energy.
You are resistant to electric shocks.
You can survive without breathing.
You are immune to petrification.
You are immune to rotting.
You have very sharp teeth.


Message History

Jiyva appreciates your sacrifice.
You feel a little less hungry. The orc barely misses you.
You barely miss the orc wizard.
The orc wizard is moderately wounded.
The orc wizard hits you but does no damage.
The orc barely misses you.
You closely miss the orc wizard. Your bite misses the orc wizard.
The orc wizard is moderately wounded.
The orc wizard gestures at you while chanting.
The magic dart hits you! The orc completely misses you.
You closely miss the orc wizard.
You bite the orc wizard, but do no damage.
The orc wizard is moderately wounded.
The orc wizard points at you and mumbles some strange words.
The magic dart hits you!
* * * LOW HITPOINT WARNING * * *
The orc completely misses you.
The orc wizard gestures at you while chanting.
The puff of flame hits you! You resist.
You die...

##..#......
##..##......
##..####..... ######
##..## ##..>. ##.....
##..## ##... #......
##....### ###
.....J.###.......###
..>...o.#..#.......###
......o.@.##.........#
........#..#.J........#
........##.#...........
........# .#...........
####..### ###.<.......#
### ###.....### #######


You could see an orc wizard, an orc and a neutral jelly (fellow slime).

Vanquished Creatures
  The ghost of Minsecho the Conjurer, an amateur TeCj (D:4)
  An ogre (D:5)
  A scorpion (D:4)
  The ghost of nxtlvl the Ruffian, a weakling MiTm (D:5)
  2 orc priests
  2 orc wizards (D:5)
  A worker ant (D:4)
  A worm (D:2)
  A dart slug (D:4)
  4 giant geckos
  7 orcs
  5 bats
  2 giant cockroaches (D:3)
  4 goblins (D:1)
  5 hobgoblins (D:1)
  4 jackals (D:4)
  3 quokkas
  A giant gecko zombie (D:5)
  A giant newt (D:4)
  A jackal skeleton (D:5)
  5 kobolds
  8 rats
61 creatures vanquished.

Vanquished Creatures (others)
  A black bear (D:4)
  A jelly (D:4)
  An orc priest (D:4)
  3 adders (D:4)
  An adder zombie (D:4)
  3 orcs (D:4)
  A giant gecko skeleton (D:4)
  2 giant newts
  2 goblins (D:3)
  A quokka skeleton (D:4)
16 creatures vanquished.

Grand Total: 77 creatures vanquished

Notes
Turn   | Place    | Note
--------------------------------------------------------------
     0 | D:1      | Drak the Gargoyle Gladiator began the quest for the Orb.
     0 | D:1      | Reached XP level 1. HP: 12/12 MP: 1/1
    66 | D:1      | Reached XP level 2. HP: 12/17 MP: 2/2
  1106 | D:2      | Reached XP level 3. HP: 21/21 MP: 3/3
  1652 | D:2      | Found a glowing golden altar of the Shining One.
  2079 | D:3      | Found a faded altar to an unknown god.
  2152 | D:3      | Became a worshipper of Jiyva Jompunae the Shapeless
  2152 | D:3      | Reached * piety under Jiyva
  2231 | D:3      | Reached skill level 1 in Armour
  2363 | D:3      | Reached ** piety under Jiyva
  2377 | D:3      | Found an opulent altar of Gozag.
  2796 | D:4      | Found a bloodstained altar of Trog.
  2797 | D:4      | Found a glowing silver altar of Zin.
  2799 | D:4      | Found a blossoming altar of Fedhas.
  2799 | D:4      | Found a shimmering altar of Xom.
  2801 | D:4      | Found an ancient bone altar of Kikubaaqudgha.
  2801 | D:4      | Found an iron altar of Okawaru.
  2802 | D:4      | Found a basalt altar of Yredelemnul.
  2808 | D:4      | Killed a black bear
  2886 | D:4      | Reached XP level 4. HP: 23/26 MP: 4/4
  2931 | D:4      | Noticed Minsecho's ghost (amateur TeCj)
  2941 | D:4      | Killed Minsecho's ghost
  2941 | D:4      | Reached XP level 5. HP: 13/30 MP: 5/5
  3042 | D:4      | Reached *** piety under Jiyva
  3076 | D:4      | Reached skill level 5 in Armour
  3473 | D:4      | Found Furchi's Distillery.
  3578 | D:5      | Entered Level 5 of the Dungeon
  3588 | D:5      | Reached XP level 6. HP: 35/35 MP: 6/6
  3591 | D:5      | Noticed nxtlvl's ghost (weakling MiTm)
  3616 | D:5      | Gained mutation: You have very sharp teeth. [Jiyva's grace]
  3643 | D:5      | Killed nxtlvl's ghost
  3643 | D:5      | Reached skill level 5 in Staves
  3763 | D:5      | Reached **** piety under Jiyva
  3800 | D:5      | Killed from afar by an orc wizard

Skill      XL: |  1  2  3  4  5  6 |
---------------+-------------------+-----
Staves         | 4 5 |  5.8
Armour         | 2 3 5 |  5.0
Fighting       | |  2.1
Throwing       | |  1.7
Dodging        | |  2.4

Action                   |  1- 3 |  4- 6 || total
-------------------------+-------+-------++-------
Melee: Quarterstaff      |   127 |   133 ||   260
       Bite              |       |     5 ||     5
Invok: Request Jelly     |       |     1 ||     1
  Use: Potion            |       |     7 ||     7
 Stab: Distracted        |       |     1 ||     1
  Eat: Chunk             |     6 |     1 ||     7
Armor: Leather armour    |    42 |       ||    42
       Scale mail        |    23 |    58 ||    81
Dodge: Dodged            |    90 |    79 ||   169
